 Dungeon Crawl Stone Soup version 0.22-a0-782-g038298e (webtiles) character file.

11 Amnesiac the Magician (level 2, -4/20 HPs)
             Began as a Mummy Earth Elementalist on July 20, 2018.
             Slain by Natasha (6 damage)
             ... on level 1 of the Dungeon.
             The game lasted 00:01:50 (449 turns).

Amnesiac the Magician (Mummy Earth Elementalist)     Turns: 449, Time: 00:01:51

Health: -4/20      AC:  5    Str: 11    XL:     2   Next: 17%
Magic:  4/5        EV: 12    Int: 14    God:
Gold:   10         SH:  0    Dex: 12    Spells: 5/6 levels left

rFire    x . .     SeeInvis .   a - +0 hunting sling
rCold    + . .     Gourm    .   (no shield)
rNeg     + + +     Faith    .   c - +0 robe
rPois    ∞         Spirit   .   (no helmet)
rElec    .         Reflect  .   e - +2 cloak
rCorr    .         Harm     .   (no gloves)
MR       .....                  (no boots)
Stlth    ++........             (no amulet)
HPRegen  0.06/turn              (no ring)
MPRegen  0.09/turn              (no ring)

@: slowed, very slow
A: no food or potions, fire vulnerability, cold resistance 1, negative energy
resistance 3, torment resistance, unbreathing
a: no special abilities


You were on level 1 of the Dungeon.
You were not hungry.

You visited 1 branch of the dungeon, and saw 4 of its levels.

You collected 10 gold pieces.

Inventory:

Hand Weapons
 a - a +0 hunting sling (weapon)
Missiles
 b - 19 stones (quivered)
Armour
 c - a +0 robe (worn)
 e - a +2 cloak (worn)
Scrolls
 d - a scroll of magic mapping {!r, unknown}
 f - a scroll of identify {!r, unknown}
 g - a scroll of enchant armour {!r, unknown}


   Skills:
 + Level 0.6 Fighting
 * Level 2.0 Dodging
 - Level 1.5 Stealth
 - Level 2.6 Spellcasting
   Level 0.7 Transmutations
 + Level 2.5 Earth Magic


You had 5 spell levels left.
You knew the following spells:

 Your Spells              Type           Power        Failure   Level  Hunger
a - Sandblast             Erth           #.....       8%          1    N/A

Your spell library contained the following spells:

 Spells                   Type           Power        Failure   Level  Hunger
 Stone Arrow              Conj/Erth      #.....       36%         3    N/A
 Passwall                 Tmut/Erth      #.......     17%         2    N/A
 Lee's Rapid Deconstruct  Erth           #.........   91%         5    N/A
 Petrify                  Tmut/Erth      #.......     75%         4    N/A

Dungeon Overview and Level Annotations

Branches:
Dungeon (4/15)
 Temple: D:4-7

Altars:

Annotations:
D:1 Natasha


Innate Abilities, Weirdness & Mutations

You do not eat or drink.
Your flesh is vulnerable to fire.
You are immune to poison.
Your flesh is cold resistant. (rC+)
You are immune to negative energy. (rN+++)
You are immune to unholy pain and torment.
You can survive without breathing.


Message History

A hobgoblin comes into view.
Found a scroll labeled ARPHUO CIGUDUK.
You see here 2 stones.
A hobgoblin is nearby!
Firing (i - inventory)
b - 26 stones (quivered)
Press: ? - help, Shift-Dir - straight line, f - hobgoblin
Aim: a hobgoblin (resting)
You shoot a stone. The stone hits the hobgoblin.
The hobgoblin shouts!
The hobgoblin is heavily wounded.
Firing (i - inventory)
b - 25 stones (quivered)
Press: ? - help, Shift-Dir - straight line, f/p - hobgoblin
Aim: a hobgoblin (heavily wounded)
You shoot a stone. The stone barely misses the hobgoblin.
Natasha, Servant of Life and Death comes into view.
Firing (i - inventory)
b - 24 stones (quivered)
Press: ? - help, Shift-Dir - straight line, f/p - hobgoblin
Aim: a hobgoblin (heavily wounded)
You shoot a stone.
Natasha hisses angrily.
The stone hits the hobgoblin but does no damage.
The hobgoblin is heavily wounded.
Natasha casts a spell at you.
You feel yourself slow down.
Firing (i - inventory)
b - 23 stones (quivered)
Press: ? - help, Shift-Dir - straight line, f/p - hobgoblin
Aim: a hobgoblin (heavily wounded)
You shoot a stone. The stone barely misses the hobgoblin.
Natasha casts a spell.
Firing (i - inventory)
b - 22 stones (quivered)
Press: ? - help, Shift-Dir - straight line, f/p - hobgoblin
Aim: a hobgoblin (heavily wounded)
You shoot a stone. The stone closely misses the hobgoblin.
The hobgoblin hits you but does no damage.
The hobgoblin closely misses you.
Firing (i - inventory)
b - 21 stones (quivered)
Press: ? - help, Shift-Dir - straight line, f/p - hobgoblin
Aim: a hobgoblin (heavily wounded)
You shoot a stone. The stone hits the hobgoblin.
You kill the hobgoblin!
Natasha mumbles some strange words.
Natasha's front paws start to glow.
Natasha claws you.
* * * LOW HITPOINT WARNING * * *
The crimson imp blinks!
Natasha stares at you and mumbles some strange words.
The magic dart hits you!
* * * LOW HITPOINT WARNING * * *
There is a stone staircase leading up here.
Natasha barely misses you. The crimson imp hits you.
* * * LOW HITPOINT WARNING * * *
You climb upwards.
The crimson imp disappears in a puff of smoke!
There is a stone staircase leading down here.
Casting: Sandblast (safe; 8% risk of failure)
Confirm with . or Enter, or press ? or * to list all spells.
Aiming: Sandblast (safe; 8% risk of failure)
Press: ? - help, Shift-Dir - straight line, f - Natasha
Aim: Natasha The blast of sand hits Natasha.
Natasha is moderately wounded.
b - 19 stones Natasha claws you.
You die...

#.####..........#
#(# # #..........#
#.# #....>....##
#.#
#........#####.#
#.........†)....#
..........########
###.######.## #.
##...## # #..@..#
##h..## ##..# ##.#
#.# #.# #######.#
.......)#
#########


You could see Natasha.

Vanquished Creatures
  A leopard gecko (D:2)
  An orc (D:3)
  2 ball pythons (D:2)
  2 hobgoblins
  2 bats (D:1)
  A kobold (D:1)
9 creatures vanquished.

Notes
Turn   | Place    | Note
-------+----------+-------------------------------------------
     0 | D:1      | Amnesiac the Mummy Earth Elementalist began the quest for the Orb.
     0 | D:1      | Reached XP level 1. HP: 13/13 MP: 4/4
    17 | D:1      | You fall through a shaft!
   223 | D:4      | Noticed an orc wizard
   255 | D:3      | Noticed an orc priest
   358 | D:2      | Noticed a sky beast
   412 | D:2      | Reached XP level 2. HP: 20/20 MP: 5/5
   441 | D:2      | Noticed Natasha
   444 | D:2      | Noticed a crimson imp
   449 | D:1      | Slain by Natasha

Vault maps used:
D:1:      minmay_arrival_hallway
D:2:      first_ration, uniq_natasha
D:4:      lemuel_doored_altar

Skill      XL: |  1 |
---------------+----+-----
Dodging        | 2 |  2.0
Fighting       | |  0.6
Stealth        | |  1.5
Spellcasting   | |  2.6
Transmutations | |  0.7
Earth Magic    | |  2.5

Action                   || total
-------------------------++-------
 Fire: Hunting sling     ||    39
 Cast: Sandblast         ||     2
Armor: Robe              ||     6
Dodge: Dodged            ||    16

Table legend:
 A = Spawn XP
 B = Non-spawn XP
 C = Spawn XP percentage of total XP
 D = Spawn monster count
 E = Non-spawn monster count
 F = Spawn count percentage of total count
 G = Total turns spent on level
                    A         B        C        D         E        F      G
               +---------+---------+-------+---------+---------+-------+---------
         Total |       0 |      17 |   0.0 |       0 |       9 |   0.0 |   449
               +---------+---------+-------+---------+---------+-------+---------
           D:1 |       0 |       6 |   0.0 |       0 |       4 |   0.0 |   135
           D:2 |       0 |       8 |   0.0 |       0 |       4 |   0.0 |   100
           D:3 |       0 |       3 |   0.0 |       0 |       1 |   0.0 |   211
               +---------+---------+-------+---------+---------+-------+---------
